 Dungeon Crawl Stone Soup version 0.25-a0-201-g0bb11aece9 (webtiles) character file.

Game seed: 9253523862638801524, levelgen mode: deterministic

137 MisterFreud the Grave Robber (level 5, -8/37 HPs)
             Began as a Gnoll Necromancer on Dec 2, 2019.
             Engulfed by a cloud of flame (14 damage)
             ... on level 3 of the Dungeon.
             The game lasted 00:07:23 (2459 turns).

MisterFreud the Grave Robber (Gnoll Necromancer)    Turns: 2459, Time: 00:07:25

Health: -8/37      AC:  5    Str: 11    XL:     5   Next: 20%
Magic:  12/12      EV: 15    Int: 18    God:
Gold:   173        SH:  0    Dex: 15    Spells: 6/14 levels left

rFire    . . .     SeeInvis .   l - +2 dagger (holy)
rCold    . . .     Gourm    .   (no shield)
rNeg     . . .     Faith    .   a - +0 robe
rPois    .         Spirit   .   s - +0 helmet
rElec    .         Reflect  .   (no cloak)
rCorr    .         Harm     .   m - +1 pair of gloves {archery}
MR       .....                  (no boots)
Stlth    +++.......             g - amulet of rage
HPRegen  0.12/turn              (no ring)
MPRegen  0.13/turn              (no ring)

@: no status effects
A: distributed training, fangs 1, strong nose
a: Evoke Berserk Rage


You were on level 3 of the Dungeon.
You were not hungry.

You visited 1 branch of the dungeon, and saw 3 of its levels.

You collected 173 gold pieces.

Inventory:

Hand Weapons
 d - a +0 short sword
 l - a +2 dagger of holy wrath (weapon)
Missiles
 b - 18 sling bullets
 f - 63 stones (quivered)
 o - 24 bolts
Armour
 a - a +0 robe (worn)
 m - a +1 pair of gloves of archery (worn)
 s - a +0 helmet (worn)
Jewellery
 g - an amulet of rage (around neck)
Wands
 r - a wand of flame (19)
Scrolls
 k - a scroll of amnesia
 p - a scroll of blinking
Potions
 e - a potion of heal wounds {unknown}
 i - a potion of flight {unknown}
 j - 2 potions of lignification {unknown}
 n - a potion of haste {unknown}
 q - a potion of curing {unknown}
Comestibles
 c - 10 rations
 h - a chunk of flesh


   Skills:
 + Level 1.3 Fighting
 + Level 1.3 Short Blades
 + Level 1.3 Long Blades
 + Level 1.3 Axes
 + Level 1.3 Maces & Flails
 + Level 1.3 Polearms
 + Level 1.3 Staves
 + Level 1.3 Slings
 + Level 1.3 Bows
 + Level 1.3 Crossbows
 + Level 1.3 Throwing
 + Level 1.3 Armour
 + Level 4.7 Dodging
 + Level 4.3 Stealth
 + Level 1.3 Shields
 + Level 1.3 Unarmed Combat
 + Level 5.1 Spellcasting
 + Level 1.1 Conjurations
 + Level 1.1 Hexes
 + Level 1.1 Charms
 + Level 1.1 Summonings
 + Level 7.1 Necromancy
 + Level 1.1 Translocations
 + Level 1.1 Transmutations
 + Level 1.1 Fire Magic
 + Level 1.1 Ice Magic
 + Level 1.1 Air Magic
 + Level 1.1 Earth Magic
 + Level 1.1 Poison Magic
 + Level 1.5 Invocations
 + Level 1.3 Evocations


You had 6 spell levels left.
You knew the following spells:

 Your Spells              Type           Power        Failure   Level  Hunger
a - Pain                  Necr           ####         1%          1    None
b - Vampiric Draining     Necr           ####......   1%          3    ##.....
c - Regeneration          Chrm/Necr      ###.......   7%          3    ##.....
d - Animate Skeleton      Necr           N/A          1%          1    None

Your spell library contained the following spells:

 Spells                   Type           Power        Failure   Level  Hunger
 Animate Dead             Necr           N/A          7%          4    ####...


Dungeon Overview and Level Annotations

Branches:
Dungeon (3/15)

Altars:
Uskayaw


Innate Abilities, Weirdness & Mutations

Your experience applies equally to all skills.
You have very sharp teeth.
Your uncanny sense of smell can sniff out nearby items.


Message History

You see here a bat skeleton. x2
Some of the chunks of flesh in your inventory have rotted away.
t - a scroll labeled ZEPESOOFAS
c - 10 rations (gained 1)
A quokka comes into view.
As you read the scroll labeled ZEPESOOFAS, it crumbles to dust.
The creatures around you are filled with an inner flame!
It was a scroll of immolation.
A quokka is nearby!
Found a stone staircase leading up.
You hit the quokka.
The quokka is severely wounded.
The quokka misses you.
You hit the quokka.
The quokka explodes!
The fiery explosion engulfs you!!
Ouch! That really hurt!
* * * LOW HITPOINT WARNING * * *
You are engulfed in blazing flames.
You die...

.............÷.## .
##........#.....# <#
##........#.....####.##
##....................#.
#..........#............
....##.....#..........##
....########..........#
....# ∆ #..........#
..### ∆ #...§@§....#
.... #...§........ ....
#...§.§...... ...
.....#......... r.
.....#......... #
.....#......... #...
#......... #..
#######...


There were no monsters in sight!

Vanquished Creatures
  Robin (D:2)
  4 adders
  3 worms
  A dart slug (D:1)
  3 leopard geckos
  4 giant cockroaches
  16 goblins
  6 hobgoblins
  3 jackals (D:1)
  4 quokkas
  6 bats
  7 frilled lizards
  10 kobolds
  8 rats
76 creatures vanquished.

Vanquished Creatures (others)
  A hobgoblin (D:2)
1 creature vanquished.

Grand Total: 77 creatures vanquished

Notes
Turn   | Place    | Note
-------+----------+-------------------------------------------
     0 | D:1      | MisterFreud the Gnoll Necromancer began the quest for the
                  | Orb.
     0 | D:1      | Reached XP level 1. HP: 13/13 MP: 6/6
   554 | D:1      | Reached XP level 2. HP: 13/19 MP: 5/7
  1241 | D:1      | Reached XP level 3. HP: 21/25 MP: 9/9
  1352 | D:1      | Reached skill level 5 in Spellcasting
  1361 | D:1      | Learned a level 3 spell: Vampiric Draining
  1365 | D:1      | Learned a level 3 spell: Regeneration
  1367 | D:1      | Learned a level 1 spell: Animate Skeleton
  1459 | D:2      | Reached skill level 1 in Invocations
  1552 | D:2      | Reached skill level 1 in Fighting
  1552 | D:2      | Reached skill level 1 in Short Blades
  1552 | D:2      | Reached skill level 1 in Long Blades
  1552 | D:2      | Reached skill level 1 in Axes
  1552 | D:2      | Reached skill level 1 in Maces & Flails
  1552 | D:2      | Reached skill level 1 in Polearms
  1552 | D:2      | Reached skill level 1 in Staves
  1552 | D:2      | Reached skill level 1 in Slings
  1552 | D:2      | Reached skill level 1 in Bows
  1552 | D:2      | Reached skill level 1 in Crossbows
  1552 | D:2      | Reached skill level 1 in Throwing
  1552 | D:2      | Reached skill level 1 in Armour
  1552 | D:2      | Reached skill level 1 in Shields
  1552 | D:2      | Reached skill level 1 in Unarmed Combat
  1552 | D:2      | Reached skill level 1 in Evocations
  1559 | D:2      | Reached XP level 4. HP: 26/32 MP: 7/11
  1778 | D:2      | Noticed a +0 hand axe
  1779 | D:2      | Noticed a +0 hand axe
  1782 | D:2      | Found a hide-covered altar of Uskayaw.
  2028 | D:3      | Reached skill level 1 in Conjurations
  2028 | D:3      | Reached skill level 1 in Hexes
  2028 | D:3      | Reached skill level 1 in Charms
  2028 | D:3      | Reached skill level 1 in Summonings
  2028 | D:3      | Reached skill level 1 in Translocations
  2028 | D:3      | Reached skill level 1 in Transmutations
  2028 | D:3      | Reached skill level 1 in Fire Magic
  2028 | D:3      | Reached skill level 1 in Ice Magic
  2028 | D:3      | Reached skill level 1 in Air Magic
  2028 | D:3      | Reached skill level 1 in Earth Magic
  2028 | D:3      | Reached skill level 1 in Poison Magic
  2056 | D:3      | Noticed Robin
  2223 | D:3      | Reached XP level 5. HP: 22/37 MP: 8/12
  2359 | D:2      | Killed Robin
  2459 | D:3      | Engulfed by a cloud of flame

Levels and vault maps discovered:
D:1:      matt_arrival_diagonals, layout_rooms, minmay_tromino_v4_b
D:2:      layout_basic, dancing_weapons_uskayaw, first_ration
D:3:      layout_basic, overflow_temple_1_default, uniq_robin

Skill      XL: |  1  2  3  4 |
---------------+-------------+-----
Spellcasting   | 5 |  5.1
Invocations    | 1 |  1.5
Fighting       | 1 |  1.3
Short Blades   | 1 |  1.3
Long Blades    | 1 |  1.3
Axes           | 1 |  1.3
Maces & Flails | 1 |  1.3
Polearms       | 1 |  1.3
Staves         | 1 |  1.3
Slings         | 1 |  1.3
Bows           | 1 |  1.3
Crossbows      | 1 |  1.3
Throwing       | 1 |  1.3
Armour         | 1 |  1.3
Shields        | 1 |  1.3
Unarmed Combat | 1 |  1.3
Evocations     | 1 |  1.3
Conjurations   | 1 |  1.1
Hexes          | 1 |  1.1
Charms         | 1 |  1.1
Summonings     | 1 |  1.1
Translocations | 1 |  1.1
Transmutations | 1 |  1.1
Fire Magic     | 1 |  1.1
Ice Magic      | 1 |  1.1
Air Magic      | 1 |  1.1
Earth Magic    | 1 |  1.1
Poison Magic   | 1 |  1.1
Dodging        | |  4.7
Stealth        | |  4.3
Necromancy     | |  7.1

Action                   |  1- 3 |  4- 6 || total
-------------------------+-------+-------++-------
Melee: Unarmed           |     5 |       ||     5
       Short sword       |    19 |       ||    19
       Dagger            |    41 |   160 ||   201
       Bite              |     6 |    17 ||    23
 Cast: Pain              |    26 |     7 ||    33
       Animate Skeleton  |     1 |       ||     1
       Vampiric Draining |       |     7 ||     7
       Regeneration      |       |     3 ||     3
  Use: Scroll            |       |     5 ||     5
 Stab: Distracted        |     3 |       ||     3
       Sleeping          |     5 |     2 ||     7
  Eat: Chunk             |     2 |     4 ||     6
Armor: Robe              |    21 |    50 ||    71
Dodge: Dodged            |    62 |   144 ||   206

Table legend:
 A = Non-vault XP
 B = Vault XP
 C = Vault XP percentage of total XP
 D = Non-vault monster count
 E = Vault monster count
 F = Vault count percentage of total count
                 A         B        C        D         E       F
            +---------+---------+-------+---------+---------+-------
      Total |     155 |      42 |  21.3 |      61 |      15 |  19.7
            +---------+---------+-------+---------+---------+-------
        D:1 |      38 |       3 |   7.3 |      22 |       2 |   8.3
        D:2 |      82 |      17 |  17.2 |      27 |       2 |   6.9
        D:3 |      35 |      22 |  38.6 |      12 |      11 |  47.8
            +---------+---------+-------+---------+---------+-------
